 Dungeon Crawl Stone Soup version 0.29-a0-369-gd956c00756 (webtiles) character file.

Game seed: 8962730300173256481

3 spaghetti the Magician (level 1, -1/16 HPs)
             Began as a Djinni Summoner on May 1, 2022.
             Slain by a jackal (2 damage)
             ... on level 1 of the Dungeon.
             The game lasted 00:00:21 (43 turns).

spaghetti the Magician (Djinni Summoner)              Turns: 43, Time: 00:00:21

Health: -1/16      AC:  2    Str:  7    XL:     1   Next: 55%
Gold:   0          EV: 12    Int: 16    God:
                   SH:  0    Dex: 13

rFire   + + .      SeeInvis .   (no weapon)
rCold   x . .      Faith    .   (no shield)
rNeg    . . .      Spirit   .   a - +0 robe
rPois   ∞          Reflect  .   (no helmet)
rElec   .          Harm     .   (no cloak)
rCorr   .          Rampage  .   (no gloves)
Will    .....                   (boots unavailable)
Stlth   ++........              (no amulet)
HPRegen 0.05/turn               (no ring)
MPRegen 0.00/turn               (no ring)

@: flying
A: sickness immunity, fire resistance 2, cold vulnerability 1, float, innate
caster, HP casting, extra vitality 1
a: no special abilities


You were on level 1 of the Dungeon.
You visited 1 branch of the dungeon, and saw 1 of its levels.


Innate Abilities, Weirdness & Mutations

You are immune to sickness and miasma.
You are immune to poison.
Your flesh is very heat resistant. (rF++)
You are vulnerable to cold. (rC-)
You float through the air rather than walking.
You learn spells naturally, not from books.
Your magical power is your life essence.
You have superior vitality. (+4 MHP)


   Skills:
 + Level 0.5 Fighting
 - Level 2.1 Dodging
 - Level 1.5 Stealth
 + Level 3.3 Spellcasting


You couldn't memorise any spells.
You knew the following spells:

 Your Spells              Type           Power      Damage    Failure   Level
a - Summon Small Mammal   Summ           52%        N/A       4%          1
b - Call Imp              Summ           13%        N/A       7%          2
c - Call Canine Familiar  Summ           13%        N/A       14%         3
d - Summon Guardian Gole  Hex/Summ       13%        N/A       14%         3
e - Summon Lightning Spi  Summ/Air       13%        N/A       41%         4
Your spell library was empty.

Inventory:

Armour
 a - a +0 robe (worn)

Dungeon Overview and Level Annotations

Branches:
Dungeon (1/15)

Altars:
#... #...# ...# ♣♣P.. P♣♣...# ♣P....# ♣.P..###### #......# PPP

#@####.####.P..#
..P####h#.........#
......†h#.###.#####
.....†r.#.#.[.######
.......>+..........#
........#.#.#####..#
..?.....#.#######..#
........#..........#
........#..⌠...⌠...#


You could see 2 jackals and a friendly quokka (summoned).


Message History

You begin with the following spells memorised: Summon Small Mammal, Call Imp, Call Canine Familiar, Summon Guardian Golem, Summon Lightning Spire.
You reach down and open the door.
There is an open door here.
b - a scroll labelled GOUMELYILA
Found a shiny orb.
You see here an orb of wrath.
A hobgoblin comes into view.
Found a scroll labelled GOUMELYILA.
Found a stone staircase leading down.
The hobgoblin shouts!
You hear an angry hiss.
A hobgoblin is nearby!
A hobgoblin is nearby!
A hobgoblin is nearby!
A frilled lizard and 2 jackals come into view.
The jackal moves out of view.
Cast which spell? (? or * to list)
You aren't experienced enough to cast this spell.
Unknown command.
Cast which spell? (? or * to list)
The jackal barks!
A jackal comes into view. 😕 HP[-1]
You take 1 damage, and now have 14/15 hp.
Casting: Summon Small Mammal (safe; 4% risk of failure)
Confirm with . or Enter, or press ? or * to list all spells.
The hobgoblin closely misses you. 😕 HP[-1]
You take 1 damage, and now have 13/15 hp.
You hit the hobgoblin but do no damage.
Your quokka completely misses the hobgoblin.
The frilled lizard misses your quokka. The hobgoblin hits you. 😮 HP[-4]
You take 4 damage, and now have 9/15 hp.
MASSIVE DAMAGE!! (PAUSE) Unknown command.
You closely miss the hobgoblin. The jackal bites your quokka.
Your quokka barely misses the hobgoblin.
Your quokka misses the frilled lizard. The jackal bites your quokka.
The frilled lizard bites your quokka. The hobgoblin misses you.
You hit the hobgoblin but do no damage. Your quokka misses the frilled lizard.
Your quokka closely misses the frilled lizard.
The jackal barely misses your quokka. The jackal bites your quokka.
The frilled lizard closely misses your quokka.
The hobgoblin barely misses you.
You hit the hobgoblin but do no damage. The jackal closely misses your quokka.
The jackal barely misses your quokka.
Your quokka bites the frilled lizard.
The frilled lizard dies!
Your quokka barely misses the hobgoblin.
The hobgoblin barely misses you.
Your quokka bites the hobgoblin.
The jackal barely misses your quokka. The jackal closely misses your quokka.
You hit the hobgoblin but do no damage.
Your quokka barely misses the hobgoblin.
The jackal barely misses your quokka. x2; The jackal bites your quokka.
Your quokka dies!
Your quokka's corpse disappears in a puff of smoke!
Your quokka closely misses the hobgoblin.
The hobgoblin barely misses you.
Casting: Summon Small Mammal (safe; 4% risk of failure)
Confirm with . or Enter, or press ? or * to list all spells.
The jackal closely misses your quokka.
The jackal bites your quokka but does no damage.
Your quokka bites the hobgoblin but does no damage.
The hobgoblin closely misses your quokka. 😮 HP[-1]
You take 1 damage, and now have 8/15 hp.
You hit the hobgoblin. The jackal barely misses your quokka.
The jackal bites your quokka. x2; Your quokka closely misses the jackal.
Your quokka bites the jackal.
The jackal bites your quokka.
Your quokka dies!
Your quokka's corpse disappears in a puff of smoke!
The jackal barely misses your quokka. The hobgoblin hits you.
* * * LOW HITPOINT WARNING * * *
😨 HP[-4]
You take 4 damage, and now have 4/15 hp.
MASSIVE DAMAGE!! (PAUSE)
You closely miss the hobgoblin. The jackal barely misses you.
The jackal barely misses your quokka.
Your quokka bites the jackal.
The hobgoblin closely misses you. 😨 HP[+1]
Your quokka bites the jackal.
The jackal dies!
The jackal bites you.
* * * LOW HITPOINT WARNING * * *
The hobgoblin hits you.
* * * LOW HITPOINT WARNING * * *
😱 HP[-4]
You take 4 damage, and now have 1/15 hp.
MASSIVE DAMAGE!! (PAUSE)
You aren't carrying any potions.
As you read the scroll labelled GOUMELYILA, it crumbles to dust.
It is a scroll of identify.
You don't have any unidentified items.
Your quokka bites the hobgoblin.
The hobgoblin dies!
The jackal misses you.
Your quokka closely misses the jackal.
You now have 16 max hp (+1).
You aren't carrying any items that you can evoke.
You aren't carrying any scrolls.
You hit the jackal but do no damage. The jackal closely misses you.
Your quokka barely misses the jackal.
The jackal bites you.
You die...

Action                   || total
-------------------------++-------
Melee: Unarmed           ||     8
 Cast: Summon Small Mamm ||     3
  Use: Scroll            ||     1
Dodge: Dodged            ||     9

Levels and vault maps discovered:
D:1:      scummos_arrival_simple_fountains, layout_basic, serial_forest,
          infiniplex_forest_lined_4_way, infiniplex_forest_corner_1,
          infiniplex_forest_clump_small, infiniplex_forest_straight_5,
          infiniplex_forest_corner_2, infiniplex_forest_clump_diagonal,
          infiniplex_forest_corner_1, palyth_stone_intersect

Notes
Turn   | Place    | Note
-------+----------+-------------------------------------------
     0 | D:1      | spaghetti the Djinni Summoner began the quest for the Orb.
     0 | D:1      | Reached XP level 1. HP: 15/15 MP: 0/0
     0 | D:1      | magus.rc [v1.9.6]
    40 | D:1      | HP: 2/15 [jackal (3)]
    43 | D:1      | Slain by a jackal

Vanquished Creatures (collateral kills)
  A hobgoblin (D:1)
  A jackal (D:1)
  A frilled lizard (D:1)
3 creatures vanquished.

Table legend:
 A = Non-vault XP
 B = Vault XP
 C = Vault XP percentage of total XP
 D = Non-vault monster count
 E = Vault monster count
 F = Vault count percentage of total count
                 A         B        C        D         E       F
            +---------+---------+-------+---------+---------+-------
      Total |       5 |       0 |   0.0 |       3 |       0 |   0.0
            +---------+---------+-------+---------+---------+-------
        D:1 |       5 |       0 |   0.0 |       3 |       0 |   0.0
            +---------+---------+-------+---------+---------+-------

Illustrated notes

Table legend:
 A = Kills in this place as a percentage of kills in entire the game.
 B = Kills by you in this place as a percentage of kills by you in the entire game.
 C = Kills by friends in this place as a percentage of kills by friends in the entire game.
 D = Other kills in this place as a percentage of other kills in the entire game.
 E = Experience gained in this place as a percentage of experience gained in the entire game.
 F = Experience gained in this place divided by the number of levels of this place that you have seen.
                   A       B       C       D       E      F
               +-------+-------+-------+-------+-------+----------------------
         Total | 100.0 |   N/A | 100.0 |   N/A | 100.0 |   5.0
       Dungeon | 100.0 |   N/A | 100.0 |   N/A | 100.0 |   5.0
               +-------+-------+-------+-------+-------+----------------------

Table legend: (Time is in decaauts)
 A = Elapsed time spent in this place.
 B = Non-inter-level travel time spent in this place.
 C = Inter-level travel time spent in this place.
 D = Time resting spent in this place.
 E = Time spent auto-exploring this place.
 F = Levels seen in this place.
 G = Mean time per level.
                   A        B        C        D        E       F      G
               +--------+--------+--------+--------+--------+-----+--------+
         Total |     43 |     43 |      0 |      0 |     24 |   1 |   43.0 |
       Dungeon |     43 |     43 |      0 |      0 |     24 |   1 |   43.0 |
               +--------+--------+--------+--------+--------+-----+--------+

Top non-repeatable levels by time:
     D:1: 43 daAuts
